cohdb
Replays
Latest Replays
All Replays
Popular Replays
Top Player Replays
Match Explorer
How It Works
Community
CoH3 Stats
Reddit
Sign in to upload your games and track your stats! →
Sign in with Steam
Match 45530761
Unlisted
Match 45530761
Overview
Messages
Build Orders
End
Royal Engineer Section
Construct Section Command Post
Selects Air and Sea Battlegroup
Infantry Section
Dingo Light Scout Car
Infantry Section
ML 3-inch Mortar Team
Construct Platoon Command Post
Selects Commando Section Paradrop
Commando Section Paradrop
6-pounder Anti-tank Gun Team
Selects Supply Surplus
Construct Field Infirmary
6-pounder Anti-tank Gun Team
Construct Company Command Post
Selects Commando Support Section Paradrop
Selects UNKNOWN (223837)
Foot Guards Section
Selects Naval Bombardment
Unlock M3 Grant Medium Tanks
SenkZ
Mael Radec
0
0
Comments
sign in to comment!
No comments posted yet!